Flames vs BlackHawks

Created - 22 janvier 2021 at 20:21

Goals
1 2 3 T
Flames 1 3 0 4
BlackHawks 2 0 0 2
Shots
1 2 3 T
Flames 17 13 11 41
BlackHawks 12 10 3 25

1st period

1. BlackHawks , Scott Laughton 10 (Lawson Crouse 11, Justin Faulk 15) at 6:12
2. Flames , Ilya Mikheyev 6 (Max Domi 19) at 6:16
3. BlackHawks , Justin Faulk 5 (Phillip Danault 30, Erik Johnson 16) at 11:44

Penalties :
Adam Larsson (CHI) for High sticking (Minor) at 1:09, Adam Larsson (CHI) for Holding (Minor) at 7:10, Jaden Schwartz (CHI) for Hooking (Minor) at 11:52, Blake Wheeler (CGY) for Hooking (Minor) at 16:12

2nd period

4. Flames , Brady Tkachuk 17 (Esa Lindell 25) at 10:10
5. Flames , Jakub Vrana 11 (John Tavares 40) at 13:04
6. Flames , Pavel Buchnevich 5 (Charlie Coyle 10, Alec Martinez 3) at 14:34

Penalties :
Ben Hutton (CHI) for Hooking (Minor) at 18:53

3rd period

No Goal

Penalties :
Phillip Danault (CHI) for Tripping (Minor) at 0:19, John Marino (CHI) for Holding (Minor) at 7:18, Scott Laughton (CHI) for Holding (Minor) at 9:52, Brady Tkachuk (CGY) for Interference (Minor) at 15:35, Lawson Crouse (CHI) for Tripping (Minor) at 19:26

Goalie Stats

Jordan Binnington (CGY), 23 saves from 25 shots - (0,920), W, 21-9-6, 60:00 minutes
Jacob Markstrom (CHI), 37 saves from 41 shots - (0,902), L, 20-21-3, 60:00 minutes

Players Stats for Flames

Player Name              G  A  P  +/- PIM S  H  SB GA TA FO     MP     PP MP  PK MP  
------------------------------------------------------------------------------------
Alec Martinez            0  1  1   2  0   0  2  0  0  0  0/0    15:38   0:00   1:59 
Blake Wheeler            0  0  0   1  2   3  2  0  0  0  0/2    24:07   8:46   0:54 
Brady Tkachuk            1  0  1   2  2   6  5  0  0  0  1/1    20:11   7:58   0:00 
Brayden McNabb           0  0  0   1  0   4  1  1  0  0  0/0    21:25   7:08   1:45 
Charlie Coyle            0  1  1  -1  0   4  2  0  0  0  14/23  19:59   4:08   1:48 
Esa Lindell              0  1  1   2  0   4  3  0  0  0  0/0    23:36   6:45   1:59 
Ethan Bear               0  0  0  -1  0   0  0  2  0  0  0/0    16:54   0:07   2:02 
Gabriel Bourque          0  0  0   0  0   0  0  1  0  0  0/0     2:35   1:47   0:48 
Ilya Mikheyev            1  0  1   2  0   3  1  0  0  0  1/2    17:21   5:07   0:00 
Jakub Vrana              1  0  1   1  0   4  0  0  0  0  1/1    22:30   6:38   0:00 
John Tavares             0  1  1   1  0   1  1  0  0  0  20/35  23:42   8:46   0:28 
Marc Staal               0  0  0   1  0   1  1  0  0  0  0/0    19:51   7:08   0:11 
Max Domi                 0  1  1   2  0   1  0  0  0  0  13/27  19:20   5:07   1:59 
Ondrej Kase              0  0  0  -1  0   4  0  0  0  0  0/0    14:03   0:00   0:00 
Pavel Buchnevich         1  0  1  -1  0   4  1  0  0  0  0/0    14:03   0:00   0:00 
Sean Kuraly              0  0  0   0  0   2  1  0  0  0  4/8     3:23   0:00   1:59 
Taylor Hall              0  0  0   0  0   0  0  0  0  0  0/0     1:24   0:00   0:00 
Troy Stecher             0  0  0  -1  0   0  0  0  0  0  0/0    15:58   0:00   0:00 

Players Stats for BlackHawks

Player Name              G  A  P  +/- PIM S  H  SB GA TA FO     MP     PP MP  PK MP  
------------------------------------------------------------------------------------
Adam Larsson             0  0  0  -1  4   1  2  2  0  0  0/0    18:54   1:11   4:55 
Anze Kopitar             0  0  0  -1  0   4  3  0  0  0  24/47  27:12   2:40   9:38 
Ben Hutton               0  0  0  -1  2   1  2  0  0  0  0/0    15:32   0:00   2:24 
Brandon Carlo            0  0  0  -1  0   0  4  2  0  0  0/0    21:31   1:11   7:30 
Brock Boeser             0  0  0  -1  0   3  1  0  0  0  2/2    19:46   2:40   3:56 
Curtis Lazar             0  0  0   0  0   3  0  0  0  0  0/0    12:51   0:00   0:00 
Erik Johnson             0  1  1   0  0   2  1  2  0  0  0/0    25:20   2:47   6:23 
Ivan Barbashev           0  0  0   0  0   0  1  0  0  0  0/0     2:12   0:00   0:28 
Jaden Schwartz           0  0  0  -1  2   1  3  1  0  0  0/4    19:29   2:40   3:40 
Jared McCann             0  0  0   0  0   0  1  0  0  0  4/8     3:29   0:00   1:45 
Jarred Tinordi           0  0  0   0  0   0  1  0  0  0  0/0     1:49   0:00   0:11 
John Marino              0  0  0  -1  2   0  0  2  0  0  0/0    13:08   0:00   0:00 
Justin Faulk             1  1  2   0  0   2  0  3  0  0  0/0    23:42   2:47   6:23 
Kyle Palmieri            0  0  0  -1  0   4  0  0  0  0  1/1    15:42   1:18   0:00 
Lawson Crouse            0  1  1   0  2   0  2  0  0  0  1/2    12:50   0:00   0:00 
Phil Kessel              0  0  0  -1  0   1  1  0  0  0  0/0    15:42   1:18   0:00 
Phillip Danault          0  1  1  -1  2   2  6  0  0  0  9/20   23:27   1:18   7:45 
Scott Laughton           1  0  1   0  2   1  3  0  0  0  4/15   12:50   0:00   0:00 

3 Stars

1 - Brady Tkachuk (CGY)
2 - Ilya Mikheyev (CGY)
3 - Esa Lindell (CGY)

Power Play

Flames - 0 on 8 Attempt(s) - 0,00%
BlackHawks - 0 on 2 Attempt(s) - 0,00%

Penalty Kill

Flames - 2 on 2 Attempt(s) - 100,00% - Score 0 goal in Penalty Kill
BlackHawks - 8 on 8 Attempt(s) - 100,00% - Score 0 goal in Penalty Kill

Team Stat

Flames - Hits : 20 - Faceoff Wins : 54 - Blocked Shots : 4 - Penalty Minutes : 4
BlackHawks - Hits : 31 - Faceoff Wins : 45 - Blocked Shots : 12 - Penalty Minutes : 16

Official

Referees : Brandon Schrader and Kyle Rehman
Linesman : Michel Cormier and Luke Murray

Game Notes

No Game Note

Finance

Level 1 -- Attendance: 2621 (40,32%) -- Ticket Income 655 250 $
Level 2 -- Attendance: 1884 (37,68%) -- Ticket Income 376 800 $
Level 3 -- Attendance: 1033 (29,51%) -- Ticket Income 180 775 $
Level 4 -- Attendance: 782 (21,04%) -- Ticket Income 117 300 $
Luxury Box -- Attendance: 522 (52,20%) -- Ticket Income 208 800 $
Game was played at the United Center.
Total Attendance: 6842 (34,70%)
Total Ticket Income: 1 538 925 $
Other Income: 754 073 $
Total Income: 2 292 998 $

% Time on Ice - Flames

Lines # - Real PCT - Wanted PCT - Time Play
Normal Forward
1 - 34% - 38% - 14:28
2 - 29% - 30% - 12:14
3 - 33% - 22% - 14:03
4 - 3% - 10% - 1:24
Normal Defense
1 - 32% - 35% - 13:39
2 - 30% - 33% - 12:32
3 - 35% - 32% - 14:45
4 - 3% - 0% - 1:13
PP Forward
1 - 63% - 65% - 8:46
2 - 37% - 35% - 5:07
PP Defense
1 - 49% - 50% - 6:45
2 - 51% - 50% - 7:08
PK Forward
1 - 50% - 50% - 1:59
2 - 50% - 50% - 1:59
PK Defense
1 - 50% - 50% - 1:59
2 - 50% - 50% - 1:59
PK3 Forward
1 - 0% - 60%
2 - 0% - 40%
PK3 Defense
1 - 0% - 50%
2 - 0% - 50%
44 Forward
1 - 0% - 50%
2 - 0% - 50%
44 Defense
1 - 0% - 50%
2 - 0% - 50%
Last Minute Offensive  - 0:00
Last Minute Defensive  - 0:00
Total
Forward - 60:00
Defense - 60:00

% Time on Ice - BlackHawks

Lines # - Real PCT - Wanted PCT - Time Play
Normal Forward
1 - 31% - 40% - 13:10
2 - 34% - 30% - 14:24
3 - 30% - 20% - 12:51
4 - 4% - 10% - 1:44
Normal Defense
1 - 34% - 40% - 14:32
2 - 30% - 30% - 12:50
3 - 31% - 20% - 13:09
4 - 4% - 10% - 1:38
PP Forward
1 - 67% - 60% - 2:40
2 - 33% - 40% - 1:18
PP Defense
1 - 70% - 60% - 2:47
2 - 30% - 40% - 1:11
PK Forward
1 - 71% - 60% - 9:24
2 - 30% - 40% - 3:56
PK Defense
1 - 44% - 60% - 5:53
2 - 56% - 40% - 7:27
PK3 Forward
1 - 100% - 60% - 0:33
2 - 0% - 40% - 0:00
PK3 Defense
1 - 91% - 60% - 0:30
2 - 9% - 40% - 0:03
44 Forward
1 - 0% - 60%
2 - 0% - 40%
44 Defense
1 - 0% - 60%
2 - 0% - 40%
Last Minute Offensive  - 0:00
Last Minute Defensive  - 0:00
Total
Forward - 60:00
Defense - 60:00

Play-by-Play

1st period


0:01 of 1st period - Anze Kopitar wins face-off versus John Tavares in neutral zone.
0:30 of 1st period - Shot by Brock Boeser.
0:30 of 1st period - Stopped by Jordan Binnington without a rebound.
0:31 of 1st period - Max Domi wins face-off versus Phillip Danault in Flames zone.
0:31 of 1st period - Brady Tkachuk is hit by Phillip Danault and loses puck.
0:44 of 1st period - Shot by Brady Tkachuk.
0:44 of 1st period - Shot Misses the Net.
0:56 of 1st period - Shot by Brady Tkachuk.
0:56 of 1st period - Shot Misses the Net.
1:09 of 1st period - Minor Penalty to Adam Larsson for High sticking.
1:10 of 1st period - John Tavares wins face-off versus Anze Kopitar in BlackHawks zone.
1:13 of 1st period - Shot by John Tavares.
1:13 of 1st period - Shot Blocked by Justin Faulk.
1:29 of 1st period - Shot by Blake Wheeler.
1:29 of 1st period - Shot Blocked by Justin Faulk.
1:31 of 1st period - Shot by Brady Tkachuk.
1:31 of 1st period - Stopped by Jacob Markstrom without a rebound.
1:32 of 1st period - Max Domi wins face-off versus Jaden Schwartz in BlackHawks zone.
1:32 of 1st period - Max Domi is hit by Brandon Carlo.
1:37 of 1st period - Charlie Coyle is hit by Brandon Carlo.
2:15 of 1st period - Off-side.
2:16 of 1st period - Brock Boeser wins face-off versus John Tavares in neutral zone.
2:40 of 1st period - Icing by Esa Lindell.
2:41 of 1st period - John Tavares wins face-off versus Anze Kopitar in Flames zone.
3:35 of 1st period - Shot by Scott Laughton.
3:35 of 1st period - Shot Blocked by Ethan Bear.
3:37 of 1st period - Shot by Lawson Crouse.
3:37 of 1st period - Shot Misses the Net.
4:09 of 1st period - Shot by Brock Boeser.
4:09 of 1st period - Deflect By Jaden Schwartz.
4:09 of 1st period - Shot Misses the Net.
4:11 of 1st period - Shot by Ben Hutton.
4:11 of 1st period - Stopped by Jordan Binnington without a rebound.
4:12 of 1st period - Phillip Danault wins face-off versus Max Domi in Flames zone.
5:18 of 1st period - Shot by John Tavares.
5:18 of 1st period - Shot Misses the Net.
5:33 of 1st period - Icing by John Marino.
5:34 of 1st period - Anze Kopitar wins face-off versus Charlie Coyle in BlackHawks zone.
6:12 of 1st period - Shot by Lawson Crouse.
6:12 of 1st period - Deflect By Scott Laughton.
6:12 of 1st period - Goal by Scott Laughton - Flames : 0 - BlackHawks : 1.
6:13 of 1st period - Max Domi wins face-off versus Scott Laughton in neutral zone.
6:16 of 1st period - Shot by Ilya Mikheyev.
6:16 of 1st period - Goal by Ilya Mikheyev - Flames : 1 - BlackHawks : 1.
6:17 of 1st period - Max Domi wins face-off versus Lawson Crouse in neutral zone.
6:17 of 1st period - Max Domi is hit by Scott Laughton.
6:26 of 1st period - Max Domi is hit by Scott Laughton and loses puck.
7:10 of 1st period - Minor Penalty to Adam Larsson for Holding.
7:11 of 1st period - Anze Kopitar wins face-off versus John Tavares in BlackHawks zone.
7:11 of 1st period - Anze Kopitar is hit by Blake Wheeler.
7:28 of 1st period - Icing by John Tavares.
7:29 of 1st period - John Tavares wins face-off versus Anze Kopitar in Flames zone.
9:21 of 1st period - Shot by Pavel Buchnevich.
9:21 of 1st period - Stopped by Jacob Markstrom without a rebound.
9:22 of 1st period - Sean Kuraly wins face-off versus Jared McCann in BlackHawks zone.
9:22 of 1st period - Jakub Vrana is hit by Jarred Tinordi and loses puck.
9:27 of 1st period - Shot by Sean Kuraly.
9:27 of 1st period - Stopped by Jacob Markstrom without a rebound.
9:28 of 1st period - Phillip Danault wins face-off versus Max Domi in BlackHawks zone.
9:43 of 1st period - Icing by Esa Lindell.
9:44 of 1st period - Max Domi wins face-off versus Jared McCann in Flames zone.
9:44 of 1st period - Max Domi is hit by Ivan Barbashev.
9:54 of 1st period - Shot by Ilya Mikheyev.
9:54 of 1st period - Stopped by Jacob Markstrom without a rebound.
9:55 of 1st period - Anze Kopitar wins face-off versus John Tavares in BlackHawks zone.
10:04 of 1st period - Shot by John Tavares.
10:04 of 1st period - Stopped by Jacob Markstrom without a rebound.
10:05 of 1st period - John Tavares wins face-off versus Phillip Danault in BlackHawks zone.
10:13 of 1st period - Icing by Justin Faulk.
10:14 of 1st period - Max Domi wins face-off versus Phillip Danault in BlackHawks zone.
10:36 of 1st period - Shot by Brady Tkachuk.
10:36 of 1st period - Stopped by Jacob Markstrom without a rebound.
10:37 of 1st period - John Tavares wins face-off versus Anze Kopitar in BlackHawks zone.
11:04 of 1st period - Shot by Anze Kopitar.
11:04 of 1st period - Stopped by Jordan Binnington without a rebound.
11:05 of 1st period - Phillip Danault wins face-off versus Charlie Coyle in Flames zone.
11:06 of 1st period - Shot by Kyle Palmieri.
11:06 of 1st period - Shot Misses the Net.
11:08 of 1st period - Shot by Kyle Palmieri.
11:08 of 1st period - Shot Misses the Net.
11:10 of 1st period - Shot by Erik Johnson.
11:10 of 1st period - Shot Misses the Net.
11:20 of 1st period - Shot by Ondrej Kase.
11:20 of 1st period - Stopped by Jacob Markstrom with a rebound.
11:42 of 1st period - Shot by Phillip Danault.
11:42 of 1st period - Stopped by Jordan Binnington with a rebound.
11:44 of 1st period - Shot by Justin Faulk.
11:44 of 1st period - Goal by Justin Faulk - Flames : 1 - BlackHawks : 2.
11:45 of 1st period - Anze Kopitar wins face-off versus John Tavares in neutral zone.
11:52 of 1st period - Minor Penalty to Jaden Schwartz for Hooking.
11:53 of 1st period - Anze Kopitar wins face-off versus John Tavares in BlackHawks zone.
12:16 of 1st period - Shot by Brady Tkachuk.
12:16 of 1st period - Shot Misses the Net.
12:18 of 1st period - Shot by Brayden McNabb.
12:18 of 1st period - Stopped by Jacob Markstrom without a rebound.
12:19 of 1st period - Anze Kopitar wins face-off versus Max Domi in BlackHawks zone.
12:47 of 1st period - Shot by Esa Lindell.
12:47 of 1st period - Stopped by Jacob Markstrom without a rebound.
12:48 of 1st period - Jared McCann wins face-off versus John Tavares in BlackHawks zone.
12:48 of 1st period - Jared McCann is hit by Brady Tkachuk.
13:32 of 1st period - Shot by Phillip Danault.
13:32 of 1st period - Stopped by Jordan Binnington without a rebound.
13:33 of 1st period - Max Domi wins face-off versus Jared McCann in Flames zone.
13:46 of 1st period - Shot by Charlie Coyle.
13:46 of 1st period - Stopped by Jacob Markstrom with a rebound.
13:48 of 1st period - Shot by Ilya Mikheyev.
13:48 of 1st period - Stopped by Jacob Markstrom without a rebound.
13:49 of 1st period - Jared McCann wins face-off versus Max Domi in BlackHawks zone.
13:55 of 1st period - Icing by Ethan Bear.
13:56 of 1st period - Charlie Coyle wins face-off versus Scott Laughton in Flames zone.
13:56 of 1st period - Charlie Coyle is hit by Lawson Crouse.
14:01 of 1st period - Troy Stecher is hit by Erik Johnson.
14:09 of 1st period - Shot by Ondrej Kase.
14:09 of 1st period - Stopped by Jacob Markstrom without a rebound.
14:10 of 1st period - John Tavares wins face-off versus Anze Kopitar in BlackHawks zone.
14:15 of 1st period - Shot by John Tavares.
14:15 of 1st period - Deflect By Blake Wheeler.
14:15 of 1st period - Stopped by Jacob Markstrom with a rebound.
14:17 of 1st period - Shot by Marc Staal.
14:17 of 1st period - Shot Misses the Net.
14:19 of 1st period - Shot by Marc Staal.
14:19 of 1st period - Shot Misses the Net.
14:21 of 1st period - Shot by Marc Staal.
14:21 of 1st period - Stopped by Jacob Markstrom without a rebound.
14:22 of 1st period - Phillip Danault wins face-off versus Max Domi in BlackHawks zone.
14:22 of 1st period - Phillip Danault is hit by Brady Tkachuk.
14:32 of 1st period - Kyle Palmieri is hit by Brady Tkachuk and loses puck.
14:43 of 1st period - Brady Tkachuk is hit by Phillip Danault and loses puck.
16:12 of 1st period - Minor Penalty to Blake Wheeler for Hooking.
16:13 of 1st period - Kyle Palmieri wins face-off versus Sean Kuraly in Flames zone.
16:23 of 1st period - Shot by Kyle Palmieri.
16:23 of 1st period - Stopped by Jordan Binnington with a rebound.
17:19 of 1st period - Shot by Brock Boeser.
17:19 of 1st period - Stopped by Jordan Binnington without a rebound.
17:20 of 1st period - Anze Kopitar wins face-off versus Charlie Coyle in Flames zone.
17:21 of 1st period - Shot by Jaden Schwartz.
17:21 of 1st period - Shot Misses the Net.
17:39 of 1st period - Shot by Brandon Carlo.
17:39 of 1st period - Shot Blocked by Gabriel Bourque.
17:41 of 1st period - Shot by Anze Kopitar.
17:41 of 1st period - Deflect By Brock Boeser.
17:41 of 1st period - Shot Blocked by Brayden McNabb.
17:43 of 1st period - Shot by Adam Larsson.
17:43 of 1st period - Stopped by Jordan Binnington without a rebound.
17:44 of 1st period - Anze Kopitar wins face-off versus Sean Kuraly in Flames zone.
17:45 of 1st period - Shot by Erik Johnson.
17:45 of 1st period - Stopped by Jordan Binnington without a rebound.
17:46 of 1st period - Anze Kopitar wins face-off versus Sean Kuraly in Flames zone.
17:49 of 1st period - Shot by Anze Kopitar.
17:49 of 1st period - Shot Blocked by Ethan Bear.
17:53 of 1st period - Shot by Brock Boeser.
17:53 of 1st period - Deflect By Anze Kopitar.
17:53 of 1st period - Stopped by Jordan Binnington without a rebound.
17:54 of 1st period - Sean Kuraly wins face-off versus Phillip Danault in Flames zone.
17:54 of 1st period - Sean Kuraly is hit by Phillip Danault.
18:26 of 1st period - Shot by Max Domi.
18:26 of 1st period - Shot Blocked by John Marino.
19:02 of 1st period - Marc Staal is hit by Lawson Crouse and loses puck.
19:23 of 1st period - Shot by Jakub Vrana.
19:23 of 1st period - Stopped by Jacob Markstrom without a rebound.
19:24 of 1st period - Phillip Danault wins face-off versus Charlie Coyle in BlackHawks zone.
19:24 of 1st period - Phillip Danault is hit by Pavel Buchnevich.
19:36 of 1st period - Shot by Charlie Coyle.
19:36 of 1st period - Stopped by Jacob Markstrom without a rebound.
19:37 of 1st period - Anze Kopitar wins face-off versus Sean Kuraly in BlackHawks zone.
19:37 of 1st period - Anze Kopitar is hit by Sean Kuraly.
Goals for this period are 1 for Flames vs 2 for BlackHawks.
Shots for this period are 17 for Flames vs 12 for BlackHawks.

2nd period


0:01 of 2nd period - Anze Kopitar wins face-off versus John Tavares in neutral zone.
1:22 of 2nd period - Max Domi is hit by Adam Larsson and loses puck.
1:33 of 2nd period - Shot by Brady Tkachuk.
1:33 of 2nd period - Shot Blocked by Adam Larsson.
1:39 of 2nd period - Shot by Max Domi.
1:39 of 2nd period - Shot Misses the Net.
1:50 of 2nd period - Off-side.
1:51 of 2nd period - Charlie Coyle wins face-off versus Scott Laughton in neutral zone.
1:58 of 2nd period - Shot by Pavel Buchnevich.
1:58 of 2nd period - Stopped by Jacob Markstrom without a rebound.
1:59 of 2nd period - Charlie Coyle wins face-off versus Anze Kopitar in BlackHawks zone.
2:14 of 2nd period - Shot by Justin Faulk.
2:14 of 2nd period - Stopped by Jordan Binnington without a rebound.
2:15 of 2nd period - John Tavares wins face-off versus Scott Laughton in Flames zone.
2:17 of 2nd period - Icing by Jakub Vrana.
2:18 of 2nd period - Brock Boeser wins face-off versus John Tavares in Flames zone.
2:34 of 2nd period - Icing by Troy Stecher.
2:35 of 2nd period - Scott Laughton wins face-off versus John Tavares in Flames zone.
2:42 of 2nd period - Shot by John Tavares.
2:42 of 2nd period - Shot Misses the Net.
3:01 of 2nd period - Icing by Brandon Carlo.
3:02 of 2nd period - Max Domi wins face-off versus Scott Laughton in BlackHawks zone.
3:11 of 2nd period - Shot by Brady Tkachuk.
3:11 of 2nd period - Shot Misses the Net.
3:21 of 2nd period - Shot by Lawson Crouse.
3:21 of 2nd period - Deflect By Curtis Lazar.
3:21 of 2nd period - Stopped by Jordan Binnington without a rebound.
3:22 of 2nd period - Charlie Coyle wins face-off versus Anze Kopitar in Flames zone.
3:30 of 2nd period - Icing by Erik Johnson.
3:31 of 2nd period - Jakub Vrana wins face-off versus Anze Kopitar in BlackHawks zone.
3:37 of 2nd period - Jaden Schwartz is hit by Esa Lindell.
3:51 of 2nd period - Shot by Jaden Schwartz.
3:51 of 2nd period - Stopped by Jordan Binnington without a rebound.
3:52 of 2nd period - Charlie Coyle wins face-off versus Phillip Danault in Flames zone.
4:13 of 2nd period - Shot by Kyle Palmieri.
4:13 of 2nd period - Stopped by Jordan Binnington without a rebound.
4:14 of 2nd period - John Tavares wins face-off versus Anze Kopitar in Flames zone.
4:27 of 2nd period - Shot by Blake Wheeler.
4:27 of 2nd period - Shot Misses the Net.
4:49 of 2nd period - John Tavares is hit by Jaden Schwartz and loses puck.
5:30 of 2nd period - Shot by Kyle Palmieri.
5:30 of 2nd period - Deflect By Phillip Danault.
5:30 of 2nd period - Shot Misses the Net.
5:42 of 2nd period - Shot by Brady Tkachuk.
5:42 of 2nd period - Stopped by Jacob Markstrom without a rebound.
5:43 of 2nd period - Lawson Crouse wins face-off versus Charlie Coyle in BlackHawks zone.
5:57 of 2nd period - Shot by Curtis Lazar.
5:57 of 2nd period - Stopped by Jordan Binnington without a rebound.
5:58 of 2nd period - Jared McCann wins face-off versus Max Domi in Flames zone.
6:06 of 2nd period - Ilya Mikheyev is hit by Anze Kopitar and loses puck.
6:14 of 2nd period - Icing by Jarred Tinordi.
6:15 of 2nd period - Charlie Coyle wins face-off versus Jared McCann in BlackHawks zone.
6:26 of 2nd period - Shot by Anze Kopitar.
6:26 of 2nd period - Shot Misses the Net.
6:55 of 2nd period - Phillip Danault is hit by Brayden McNabb and loses puck.
7:51 of 2nd period - Shot by John Tavares.
7:51 of 2nd period - Shot Misses the Net.
7:53 of 2nd period - Shot by Blake Wheeler.
7:53 of 2nd period - Shot Blocked by Brandon Carlo.
7:55 of 2nd period - Shot by Troy Stecher.
7:55 of 2nd period - Shot Blocked by Adam Larsson.
8:15 of 2nd period - Shot by Curtis Lazar.
8:15 of 2nd period - Stopped by Jordan Binnington with a rebound.
8:31 of 2nd period - Shot by Lawson Crouse.
8:31 of 2nd period - Shot Misses the Net.
9:04 of 2nd period - Icing by Max Domi.
9:05 of 2nd period - Max Domi wins face-off versus Anze Kopitar in Flames zone.
9:05 of 2nd period - Brady Tkachuk is hit by Jaden Schwartz and loses puck.
9:14 of 2nd period - Shot by Brock Boeser.
9:14 of 2nd period - Stopped by Jordan Binnington without a rebound.
9:15 of 2nd period - Brady Tkachuk wins face-off versus Anze Kopitar in Flames zone.
9:29 of 2nd period - Icing by Justin Faulk.
9:30 of 2nd period - Anze Kopitar wins face-off versus Charlie Coyle in BlackHawks zone.
9:47 of 2nd period - Shot by Ondrej Kase.
9:47 of 2nd period - Stopped by Jacob Markstrom without a rebound.
9:48 of 2nd period - Phillip Danault wins face-off versus Max Domi in BlackHawks zone.
9:48 of 2nd period - Phillip Danault is hit by Brady Tkachuk.
10:10 of 2nd period - Shot by Brady Tkachuk.
10:10 of 2nd period - Goal by Brady Tkachuk - Flames : 2 - BlackHawks : 2.
10:11 of 2nd period - Anze Kopitar wins face-off versus Charlie Coyle in neutral zone.
10:14 of 2nd period - Shot by Brock Boeser.
10:14 of 2nd period - Shot Misses the Net.
10:41 of 2nd period - Shot by Pavel Buchnevich.
10:41 of 2nd period - Deflect By Ondrej Kase.
10:41 of 2nd period - Shot Blocked by Erik Johnson.
11:20 of 2nd period - John Tavares is hit by Phillip Danault.
11:26 of 2nd period - Shot by Jakub Vrana.
11:26 of 2nd period - Stopped by Jacob Markstrom without a rebound.
11:27 of 2nd period - Scott Laughton wins face-off versus Max Domi in BlackHawks zone.
12:13 of 2nd period - Icing by Scott Laughton.
12:14 of 2nd period - Charlie Coyle wins face-off versus Scott Laughton in BlackHawks zone.
12:44 of 2nd period - Icing by Charlie Coyle.
12:45 of 2nd period - Charlie Coyle wins face-off versus Phillip Danault in Flames zone.
12:45 of 2nd period - Charlie Coyle is hit by Phillip Danault.
13:00 of 2nd period - Shot by Pavel Buchnevich.
13:00 of 2nd period - Stopped by Jacob Markstrom without a rebound.
13:01 of 2nd period - John Tavares wins face-off versus Anze Kopitar in BlackHawks zone.
13:04 of 2nd period - Shot by Jakub Vrana.
13:04 of 2nd period - Goal by Jakub Vrana - Flames : 3 - BlackHawks : 2.
13:05 of 2nd period - John Tavares wins face-off versus Anze Kopitar in neutral zone.
13:25 of 2nd period - Justin Faulk is hit by Blake Wheeler and loses puck.
14:04 of 2nd period - Shot by Max Domi.
14:04 of 2nd period - Shot Hit the Post.
14:06 of 2nd period - Shot by Max Domi.
14:06 of 2nd period - Shot Misses the Net.
14:08 of 2nd period - Shot by Troy Stecher.
14:08 of 2nd period - Shot Misses the Net.
14:10 of 2nd period - Shot by Brady Tkachuk.
14:10 of 2nd period - Stopped by Jacob Markstrom without a rebound.
14:11 of 2nd period - Charlie Coyle wins face-off versus Phillip Danault in BlackHawks zone.
14:34 of 2nd period - Shot by Pavel Buchnevich.
14:34 of 2nd period - Goal by Pavel Buchnevich - Flames : 4 - BlackHawks : 2.
14:35 of 2nd period - Scott Laughton wins face-off versus Max Domi in neutral zone.
15:13 of 2nd period - Shot by Brady Tkachuk.
15:13 of 2nd period - Stopped by Jacob Markstrom without a rebound.
15:14 of 2nd period - Phillip Danault wins face-off versus John Tavares in BlackHawks zone.
15:32 of 2nd period - Shot by Blake Wheeler.
15:32 of 2nd period - Shot Misses the Net.
15:48 of 2nd period - Shot by Blake Wheeler.
15:48 of 2nd period - Shot Blocked by Brandon Carlo.
16:08 of 2nd period - Off-side.
16:09 of 2nd period - Anze Kopitar wins face-off versus Max Domi in neutral zone.
16:25 of 2nd period - Shot by Max Domi.
16:25 of 2nd period - Stopped by Jacob Markstrom with a rebound.
16:32 of 2nd period - Off-side.
16:33 of 2nd period - Charlie Coyle wins face-off versus Scott Laughton in neutral zone.
16:47 of 2nd period - Shot by Curtis Lazar.
16:47 of 2nd period - Shot Misses the Net.
16:49 of 2nd period - Shot by Scott Laughton.
16:49 of 2nd period - Shot Misses the Net.
17:29 of 2nd period - Shot by Anze Kopitar.
17:29 of 2nd period - Stopped by Jordan Binnington with a rebound.
17:50 of 2nd period - Shot by Anze Kopitar.
17:50 of 2nd period - Stopped by Jordan Binnington without a rebound.
17:51 of 2nd period - Phillip Danault wins face-off versus Blake Wheeler in Flames zone.
17:52 of 2nd period - Shot by Kyle Palmieri.
17:52 of 2nd period - Shot Hit the Post.
18:09 of 2nd period - Phil Kessel is hit by Alec Martinez and loses puck.
18:22 of 2nd period - Shot by Kyle Palmieri.
18:22 of 2nd period - Stopped by Jordan Binnington without a rebound.
18:23 of 2nd period - Jared McCann wins face-off versus Max Domi in Flames zone.
18:47 of 2nd period - Max Domi is hit by Jared McCann and loses puck.
18:53 of 2nd period - Minor Penalty to Ben Hutton for Hooking.
18:54 of 2nd period - John Tavares wins face-off versus Anze Kopitar in BlackHawks zone.
19:02 of 2nd period - Icing by Esa Lindell.
19:03 of 2nd period - Anze Kopitar wins face-off versus John Tavares in Flames zone.
19:07 of 2nd period - Icing by Jakub Vrana.
19:08 of 2nd period - John Tavares wins face-off versus Anze Kopitar in Flames zone.
19:16 of 2nd period - Icing by Jakub Vrana.
19:17 of 2nd period - Anze Kopitar wins face-off versus John Tavares in Flames zone.
19:36 of 2nd period - Shot by John Tavares.
19:36 of 2nd period - Shot Hit the Post.
19:38 of 2nd period - Shot by Brady Tkachuk.
19:38 of 2nd period - Deflect By Blake Wheeler.
19:38 of 2nd period - Stopped by Jacob Markstrom without a rebound.
19:39 of 2nd period - Max Domi wins face-off versus Anze Kopitar in BlackHawks zone.
19:48 of 2nd period - Shot by Ilya Mikheyev.
19:48 of 2nd period - Shot Misses the Net.
19:50 of 2nd period - Shot by Brayden McNabb.
19:50 of 2nd period - Stopped by Jacob Markstrom without a rebound.
19:51 of 2nd period - Phillip Danault wins face-off versus John Tavares in BlackHawks zone.
19:51 of 2nd period - Phillip Danault is hit by Brady Tkachuk.
Goals for this period are 3 for Flames vs 0 for BlackHawks.
Shots for this period are 13 for Flames vs 10 for BlackHawks.

3rd period


0:01 of 3rd period - John Tavares wins face-off versus Anze Kopitar in neutral zone.
0:06 of 3rd period - Shot by Marc Staal.
0:06 of 3rd period - Shot Misses the Net.
0:08 of 3rd period - Shot by John Tavares.
0:08 of 3rd period - Shot Blocked by Erik Johnson.
0:17 of 3rd period - Icing by Brayden McNabb.
0:18 of 3rd period - John Tavares wins face-off versus Anze Kopitar in Flames zone.
0:18 of 3rd period - John Tavares is hit by Phillip Danault.
0:19 of 3rd period - Minor Penalty to Phillip Danault for Tripping.
0:20 of 3rd period - Anze Kopitar wins face-off versus Blake Wheeler in BlackHawks zone.
0:25 of 3rd period - Shot by Erik Johnson.
0:25 of 3rd period - Stopped by Jordan Binnington without a rebound.
0:26 of 3rd period - John Tavares wins face-off versus Anze Kopitar in Flames zone.
0:26 of 3rd period - John Tavares is hit by Anze Kopitar.
0:45 of 3rd period - Shot by Blake Wheeler.
0:45 of 3rd period - Shot Misses the Net.
0:47 of 3rd period - Shot by Brayden McNabb.
0:47 of 3rd period - Shot Misses the Net.
0:49 of 3rd period - Shot by Brayden McNabb.
0:49 of 3rd period - Stopped by Jacob Markstrom without a rebound.
0:50 of 3rd period - Anze Kopitar wins face-off versus Max Domi in BlackHawks zone.
0:50 of 3rd period - Anze Kopitar is hit by Ilya Mikheyev.
1:17 of 3rd period - Off-side.
1:18 of 3rd period - John Tavares wins face-off versus Anze Kopitar in neutral zone.
1:51 of 3rd period - Shot by Blake Wheeler.
1:51 of 3rd period - Stopped by Jacob Markstrom without a rebound.
1:52 of 3rd period - Max Domi wins face-off versus Jaden Schwartz in BlackHawks zone.
2:05 of 3rd period - Shot by Max Domi.
2:05 of 3rd period - Deflect By Charlie Coyle.
2:05 of 3rd period - Shot Misses the Net.
2:25 of 3rd period - Shot by Sean Kuraly.
2:25 of 3rd period - Stopped by Jacob Markstrom without a rebound.
2:26 of 3rd period - Charlie Coyle wins face-off versus Phillip Danault in BlackHawks zone.
2:29 of 3rd period - Shot by Pavel Buchnevich.
2:29 of 3rd period - Shot Misses the Net.
2:49 of 3rd period - John Marino is hit by Charlie Coyle and loses puck.
3:12 of 3rd period - Icing by Ondrej Kase.
3:13 of 3rd period - Anze Kopitar wins face-off versus Charlie Coyle in Flames zone.
3:47 of 3rd period - Brock Boeser is hit by John Tavares and loses puck.
4:17 of 3rd period - Brandon Carlo is hit by Alec Martinez and loses puck.
4:29 of 3rd period - Lawson Crouse is hit by Esa Lindell.
5:23 of 3rd period - Shot by Phil Kessel.
5:23 of 3rd period - Stopped by Jordan Binnington with a rebound.
5:33 of 3rd period - Shot by Kyle Palmieri.
5:33 of 3rd period - Stopped by Jordan Binnington without a rebound.
5:34 of 3rd period - Anze Kopitar wins face-off versus Max Domi in Flames zone.
5:46 of 3rd period - Jaden Schwartz is hit by Marc Staal.
6:15 of 3rd period - Icing by Marc Staal.
6:16 of 3rd period - Max Domi wins face-off versus Phillip Danault in Flames zone.
6:46 of 3rd period - Shot by Charlie Coyle.
6:46 of 3rd period - Stopped by Jacob Markstrom without a rebound.
6:47 of 3rd period - Charlie Coyle wins face-off versus Scott Laughton in BlackHawks zone.
6:47 of 3rd period - Charlie Coyle is hit by Ben Hutton.
7:18 of 3rd period - Minor Penalty to John Marino for Holding.
7:19 of 3rd period - Anze Kopitar wins face-off versus Max Domi in BlackHawks zone.
7:28 of 3rd period - Shot by Brayden McNabb.
7:28 of 3rd period - Shot Blocked by Justin Faulk.
8:07 of 3rd period - Off-side.
8:08 of 3rd period - John Tavares wins face-off versus Jaden Schwartz in neutral zone.
8:08 of 3rd period - John Tavares is hit by Jaden Schwartz.
8:20 of 3rd period - Shot by John Tavares.
8:20 of 3rd period - Shot Misses the Net.
8:22 of 3rd period - Shot by Jakub Vrana.
8:22 of 3rd period - Shot Misses the Net.
8:24 of 3rd period - Shot by Esa Lindell.
8:24 of 3rd period - Stopped by Jacob Markstrom without a rebound.
8:25 of 3rd period - John Tavares wins face-off versus Anze Kopitar in BlackHawks zone.
9:30 of 3rd period - Ondrej Kase is hit by Ben Hutton and loses puck.
9:37 of 3rd period - Shot by Pavel Buchnevich.
9:37 of 3rd period - Shot Misses the Net.
9:51 of 3rd period - Shot by Scott Laughton.
9:51 of 3rd period - Shot Misses the Net.
9:52 of 3rd period - Minor Penalty to Scott Laughton for Holding.
9:53 of 3rd period - John Tavares wins face-off versus Anze Kopitar in BlackHawks zone.
11:57 of 3rd period - Off-side.
11:58 of 3rd period - Charlie Coyle wins face-off versus Scott Laughton in neutral zone.
11:58 of 3rd period - Pavel Buchnevich is hit by Scott Laughton and loses puck.
12:13 of 3rd period - Shot by Charlie Coyle.
12:13 of 3rd period - Stopped by Jacob Markstrom without a rebound.
12:14 of 3rd period - Sean Kuraly wins face-off versus Scott Laughton in BlackHawks zone.
12:32 of 3rd period - Icing by John Marino.
12:33 of 3rd period - Scott Laughton wins face-off versus Charlie Coyle in BlackHawks zone.
12:33 of 3rd period - Scott Laughton is hit by Charlie Coyle.
13:05 of 3rd period - Shot by Ondrej Kase.
13:05 of 3rd period - Stopped by Jacob Markstrom without a rebound.
13:06 of 3rd period - Anze Kopitar wins face-off versus Ilya Mikheyev in BlackHawks zone.
13:43 of 3rd period - Icing by Brayden McNabb.
13:44 of 3rd period - Ilya Mikheyev wins face-off versus Phillip Danault in Flames zone.
13:44 of 3rd period - Brayden McNabb is hit by Phil Kessel and loses puck.
15:16 of 3rd period - Shot by Ondrej Kase.
15:16 of 3rd period - Shot Misses the Net.
15:35 of 3rd period - Minor Penalty to Brady Tkachuk for Interference.
15:36 of 3rd period - Sean Kuraly wins face-off versus Anze Kopitar in Flames zone.
15:36 of 3rd period - Sean Kuraly is hit by Brock Boeser.
17:10 of 3rd period - John Tavares is hit by Anze Kopitar and loses puck.
18:02 of 3rd period - Shot by John Tavares.
18:02 of 3rd period - Shot Misses the Net.
18:04 of 3rd period - Shot by Jakub Vrana.
18:04 of 3rd period - Stopped by Jacob Markstrom with a rebound.
18:17 of 3rd period - John Marino is hit by Esa Lindell and loses puck.
18:36 of 3rd period - Shot by Esa Lindell.
18:36 of 3rd period - Shot Blocked by John Marino.
18:38 of 3rd period - Shot by Esa Lindell.
18:38 of 3rd period - Stopped by Jacob Markstrom without a rebound.
18:39 of 3rd period - Charlie Coyle wins face-off versus Scott Laughton in BlackHawks zone.
18:39 of 3rd period - Charlie Coyle is hit by Adam Larsson.
18:42 of 3rd period - Pavel Buchnevich is hit by Brandon Carlo and loses puck.
18:54 of 3rd period - Charlie Coyle is hit by Brandon Carlo.
19:26 of 3rd period - Minor Penalty to Lawson Crouse for Tripping.
19:27 of 3rd period - John Tavares wins face-off versus Phillip Danault in BlackHawks zone.
19:28 of 3rd period - Shot by Brady Tkachuk.
19:28 of 3rd period - Deflect By John Tavares.
19:28 of 3rd period - Shot Misses the Net.
19:43 of 3rd period - Shot by Brayden McNabb.
19:43 of 3rd period - Shot Misses the Net.
19:45 of 3rd period - Shot by Blake Wheeler.
19:45 of 3rd period - Shot Misses the Net.
19:47 of 3rd period - Shot by Brayden McNabb.
19:47 of 3rd period - Stopped by Jacob Markstrom without a rebound.
19:48 of 3rd period - Max Domi wins face-off versus Jaden Schwartz in BlackHawks zone.
19:51 of 3rd period - Shot by Charlie Coyle.
19:51 of 3rd period - Deflect By Max Domi.
19:51 of 3rd period - Shot Blocked by Jaden Schwartz.
19:53 of 3rd period - Shot by Esa Lindell.
19:53 of 3rd period - Stopped by Jacob Markstrom without a rebound.
19:54 of 3rd period - Anze Kopitar wins face-off versus John Tavares in BlackHawks zone.
Goals for this period are 0 for Flames vs 0 for BlackHawks.
Shots for this period are 11 for Flames vs 3 for BlackHawks.